 Dungeon Crawl Stone Soup version 0.29-a0-330-g52719c12eb (webtiles) character file.

Game seed: 11471221318907404493

114 HoaS the Quickloader (level 5, 0/30 HPs)
             Began as a Kobold Hunter on May 21, 2022.
             Slain by Crazy Yiuf
             ... wielding a +4 quarterstaff of chaos
              (12 damage)
             ... on level 2 of the Dungeon.
             The game lasted 00:04:08 (2311 turns).

HoaS the Quickloader (Kobold Hunter)                Turns: 2311, Time: 00:04:09

Health: 0/30       AC:  4    Str:  9    XL:     5   Next: 19%
Magic:  0/5        EV: 14    Int: 16    God:
Gold:   78         SH:  0    Dex: 20    Spells: 4/4 levels left

rFire   . . .      SeeInvis .   a - +1 hand crossbow
rCold   . . .      Faith    .   (no shield)
rNeg    . . .      Spirit   +   b - +1 leather armour
rPois   .          Reflect  .   (no helmet)
rElec   .          Harm     .   (no cloak)
rCorr   .          Rampage  .   (no gloves)
Will    .....                   (no boots)
Stlth   +++.......              k - amulet of guardian spirit
HPRegen 0.10/turn               i - +6 ring of intelligence
MPRegen 0.09/turn               (no ring)

@: no status effects
A: small, no large weapons, nightstalker 3
a: no special abilities


You were on level 2 of the Dungeon.
You visited 1 branch of the dungeon, and saw 2 of its levels.

You collected 78 gold pieces.

Inventory:

Hand Weapons
 a - a +1 hand crossbow (weapon)
Armour
 b - a +1 leather armour (worn)
Jewellery
 i - a +6 ring of intelligence (left hand)
 k - an amulet of guardian spirit (around neck)
Scrolls
 c - a scroll of immolation
 d - 2 scrolls of fear {unknown}
 e - a scroll of teleportation
 j - a scroll of enchant armour
 m - a scroll of noise {unknown}
Potions
 f - 3 potions of curing
 g - 2 potions of magic {unknown}
 h - a potion of flight {unknown}
 l - a potion of degeneration {unknown}


   Skills:
 - Level 2.1 Fighting
 + Level 8.1 Crossbows
 - Level 2.4 Dodging
 - Level 1.3 Stealth


You had 4 spell levels left.
You didn't know any spells.
Your spell library was empty.

Dungeon Overview and Level Annotations

Branches:
Dungeon (2/15)

Altars:

Annotations:
D:2 Crazy Yiuf


Innate Abilities, Weirdness & Mutations

You are small and have problems with some larger weapons.
You are completely attuned to the shadows.


Message History

m - a scroll labelled CEEDYL LOMN You see here a +0 leather armour.
You see here a +0 leather armour.
Things that are here:
a +0 whip; a +0 flail You see here 49 stones.
A rat comes into view.
A rat is nearby!
You shoot a bolt. The bolt hits the rat!
You kill the rat!
No target in view!
No target in view!
You see here a +0 club.
Could not explore, unopened runed door.
You open the door. You shoot a bolt. The bolt hits Crazy Yiuf.
Crazy Yiuf shouts!
Crazy Yiuf is lightly wounded.
You shoot a bolt. The bolt closely misses Crazy Yiuf.
Crazy Yiuf whimpers, "Cards tea leg!"
You shoot a bolt. The bolt barely misses Crazy Yiuf.
Crazy Yiuf misses you.
You shoot a bolt. The bolt hits Crazy Yiuf.
Crazy Yiuf is moderately wounded.
Crazy Yiuf hits you with a +4 quarterstaff of chaos!
You shoot a bolt. The bolt barely misses Crazy Yiuf.
Crazy Yiuf barely misses you.
You shoot a bolt. The bolt hits Crazy Yiuf.
Crazy Yiuf is heavily wounded.
Crazy Yiuf grits, "Gnoll!"
Crazy Yiuf hits you with a +4 quarterstaff of chaos!
You are too injured to fight recklessly!
You are too injured to fight recklessly!
You are too injured to fight recklessly!
Shoot: a) +1 hand crossbow
Press: ? - help, Q - select action Shift-Dir - straight line, f/p - Crazy Yiuf
Aim: Crazy Yiuf, wielding a +4 quarterstaff of chaos and wearing a +0 cloak (heavily wounded, 72% to hit)
You shoot a bolt. The bolt hits Crazy Yiuf.
Crazy Yiuf is almost dead.
Crazy Yiuf hits you with a +4 quarterstaff of chaos!
You die...

#.# ### # # ### ###♣♣♣♣♣ #.'
##.#..♣.♣♣♣ ## #.#
##......♣..♣#... #.#
#......♣♣♣♣@g... ####.#
#...#.♣♣ ♣♣#..) #####....#
#.###♣♣ ## #.....#.## #.#
#####..># #.# ##.## #.#
################## #.#
#.###.##.##.##.#.....# #.###
#.....##.##.##.#.....###.##.
#####.......##.#............


You could see Crazy Yiuf.

Vanquished Creatures
  7 gnolls (D:2)
  2 dart slugs
  A worm (D:2)
  4 bats
  4 endoplasms (D:1)
  3 giant cockroaches
  2 hobgoblins
  2 quokkas
  3 frilled lizards
  5 goblins
  3 kobolds (D:2)
  6 rats
42 creatures vanquished.

Notes
Turn   | Place    | Note
-------+----------+-------------------------------------------
     0 | D:1      | HoaS the Kobold Hunter began the quest for the Orb.
     0 | D:1      | Reached XP level 1. HP: 12/12 MP: 1/1
   214 | D:1      | Reached XP level 2. HP: 15/17 MP: 2/2
   229 | D:1      | Reached skill level 6 in Crossbows
   624 | D:1      | Reached XP level 3. HP: 21/21 MP: 3/3
   972 | D:2      | Reached skill level 7 in Crossbows
  1321 | D:2      | Reached XP level 4. HP: 22/26 MP: 4/4
  1556 | D:2      | Found a faded altar of an unknown god.
  1705 | D:2      | Found a runed translucent door.
  1708 | D:2      | Noticed Crazy Yiuf
  2016 | D:2      | Reached XP level 5. HP: 17/30 MP: 5/5
  2020 | D:2      | Reached skill level 8 in Crossbows
  2311 | D:2      | Slain by Crazy Yiuf

Illustrated notes

Levels and vault maps discovered:
D:1:      doesnt_arrival_eight_statues, layout_loops_ring
D:2:      layout_loops_cross, shapermc_ecumenical_altar_notcrosses,
          uniq_crazy_yiuf_cottage

Skill      XL: |  1  2  3  4  5 |
---------------+----------------+-----
Crossbows      | 6 7 8 |  8.1
Fighting       | |  2.1
Dodging        | |  2.4
Stealth        | |  1.3

Action                   |  1- 3 |  4- 6 || total
-------------------------+-------+-------++-------
 Fire: Hand crossbow     |    71 |    46 ||   117
  Use: Scroll            |     6 |       ||     6
Armor: Leather armour    |     2 |     2 ||     4
Dodge: Dodged            |    23 |     8 ||    31

Table legend: (Time is in decaauts)
 A = Elapsed time spent in this place.
 B = Non-inter-level travel time spent in this place.
 C = Inter-level travel time spent in this place.
 D = Time resting spent in this place.
 E = Time spent auto-exploring this place.
 F = Levels seen in this place.
 G = Mean time per level.
                   A        B        C        D        E       F      G
               +--------+--------+--------+--------+--------+-----+--------+
         Total |   2337 |   2317 |     20 |    743 |   1278 |   2 | 1168.5 |
       Dungeon |   2337 |   2317 |     20 |    743 |   1278 |   2 | 1168.5 |
               +--------+--------+--------+--------+--------+-----+--------+

Top non-repeatable levels by time:
     D:2: 1367 daAuts
     D:1: 969 daAuts
